 Dungeon Crawl Stone Soup version 0.30-a0-778-g2ef04afb54 (webtiles) character file.

Game seed: 5068990210752465363

116 Ghostmaker01 the Chopper (level 5, -1/47 HPs)
             Began as a Hill Orc Fighter on Feb 15, 2023.
             Was an Initiate of Makhleb.
             Slain by a hound (3 damage)
             ... on level 5 of the Dungeon on Feb 16, 2023.
             The game lasted 00:09:02 (2749 turns).

Ghostmaker01 the Chopper (Hill Orc Fighter)         Turns: 2749, Time: 00:09:02

Health: -1/47      AC:  7    Str: 21    XL:     5   Next: 1%
Magic:  5/5        EV:  9    Int:  8    God:    Makhleb [......]
Gold:   159        SH:  5    Dex: 16    Spells: 2/4 levels left

rFire   . . .      SeeInvis .    a - +0 war axe
rCold   . . .      Faith    .    c - +0 buckler
rNeg    . . .      Spirit   .    b - +0 scale mail
rPois   .          Reflect  .    (no helmet)
rElec   .          Harm     .    (no cloak)
rCorr   .          Rampage  .    (no gloves)
Will    .....                    (no boots) Stlth
                                 (no amulet)
HPRegen 0.27/turn                h - +6 ring of dexterity
MPRegen 0.09/turn                (no ring)

@: no status effects
A: no striking features
a: Renounce Religion


You were on level 5 of the Dungeon.
You worshipped Makhleb.
Makhleb was noncommittal.
You visited 1 branch of the dungeon, and saw 5 of its levels.

You collected 159 gold pieces.

Inventory:

Hand Weapons
 a - a +0 war axe (weapon)
Armour
 b - a +0 scale mail (worn)
 c - a +0 buckler (worn)
Jewellery
 h - a +6 ring of dexterity (left hand)
 j - an amulet of faith
Scrolls
 f - a scroll of fog {unknown}
 k - a scroll of vulnerability {unknown}
 l - a scroll of fear
 m - a scroll of butterflies
 o - a scroll of identify
 p - a scroll of immolation {unknown}
 s - a scroll of torment {unknown}
Potions
 d - a potion of might
 e - 5 potions of curing
 g - a potion of lignification {unknown}
 i - 2 potions of flight
 n - a potion of cancellation {unknown}
 q - a potion of magic {unknown}
 r - a potion of heal wounds {unknown}


   Skills:
 * Level 4.3 Fighting
 * Level 4.6 Axes
 * Level 3.9 Armour
 * Level 0.5 Dodging
 + Level 3.6 Shields
 * Level 0.3 Spellcasting


You had 2 spell levels left.
You knew the following spells:

 Your Spells              Type           Power      Damage    Failure   Level
a - Momentum Strike       Conj/Tloc      0%         3d8       92%         2

Your spell library contained the following spells:

 Spells                   Type           Power      Damage    Failure   Level
 Magic Dart               Conj           0%         1d3       83%         1
 Blink                    Tloc           0%         N/A       92%         2
 Cigotuvi's Dreadful Rot  Necr/Pois/Air  0%         N/A       92%         2
 Lesser Beckoning         Tloc           0%         N/A       92%         2
 Searing Ray              Conj           0%         2d4       92%         2
 Animate Armour           Summ/Erth      0%         N/A       100%        4
 Fulminant Prism          Conj/Hex       0%         3d5       100%        4
 Agony                    Necr           0%         N/A       100%        5
 Death's Door             Necr           0%         N/A       100%        9


Dungeon Overview and Level Annotations

Branches:
Dungeon (5/15)
 Temple: D:4-7

Altars:
Makhleb
Wu Jian

Annotations:
D:4 Edmund


Message History

You feel sick.
You feel sick.
You feel sick.
You feel sick.
You feel sick.
You feel sick.
You are no longer poisoned.
HP restored.
As you open the door, it creaks loudly!
A centaur comes into view.
The centaur shouts!
The centaur wields a +0 shortbow.
The centaur shoots an arrow.
The arrow barely misses you.
The centaur shoots an arrow.
The arrow barely misses you.
The centaur shoots an arrow.
The arrow hits you.
The centaur shoots an arrow.
The arrow hits you!
The centaur shoots an arrow.
You block the arrow.
The centaur shoots an arrow.
The arrow hits you!
The centaur shoots an arrow.
You block the arrow.
The centaur shoots an arrow.
The arrow barely misses you.
The centaur shoots an arrow.
You block the arrow.
The centaur shoots an arrow.
The arrow hits you!
The centaur shoots an arrow.
The arrow completely misses you.
The centaur shoots an arrow.
The arrow hits you.
* * * LOW HITPOINT WARNING * * *
The centaur shoots an arrow.
The arrow hits you.
* * * LOW HITPOINT WARNING * * *
The centaur shoots an arrow.
The arrow hits you.
* * * LOW HITPOINT WARNING * * *
A hound comes into view.
The hound barks!
The centaur shoots an arrow.
You block the arrow.
The centaur shoots an arrow.
The arrow completely misses you. The hound attacks as you move away!
You block the hound's attack.
The centaur shoots an arrow.
The arrow hits you.
* * * LOW HITPOINT WARNING * * *
The hound misses you.
There is a stone staircase leading up here.
The centaur shoots an arrow.
The arrow barely misses you. The hound bites you.
You die...

#....#
#.c..#
+....#
#....#
#....#
#....#
#....#
######....#
#.......h@.#
#..........#
+..........#
#..........#
#+#####....#
#....#
.....#
......#


You could see a centaur and a hound.

Vanquished Creatures
  Robin (D:3)
  3 adders
  A worm (D:2)
  2 dart slugs (D:1)
  2 orcs
  7 bats
  4 endoplasms
  3 giant cockroaches
  11 goblins
  8 hobgoblins
  4 jackals (D:2)
  7 kobolds
  6 ball pythons
  A frilled lizard (D:1)
  5 rats
65 creatures vanquished.

Notes
Turn   | Place    | Note
-------+----------+-------------------------------------------
     0 | D:1      | Ghostmaker01 the Hill Orc Fighter began the quest for the
                  | Orb.
     0 | D:1      | Reached XP level 1. HP: 19/19 MP: 1/1
   190 | D:1      | Reached XP level 2. HP: 27/27 MP: 2/2
   198 | D:1      | Got the Tome of Rotting Bringing Forth
   578 | D:1      | Reached XP level 3. HP: 33/33 MP: 3/3
  1319 | D:2      | Reached XP level 4. HP: 40/40 MP: 4/4
  1326 | D:2      | Found a faded altar of an unknown god.
  1547 | D:3      | Found an ornate altar of the Wu Jian Council.
  1563 | D:3      | Learned a level 2 spell: Momentum Strike
  1597 | D:3      | Noticed Robin
  1605 | D:3      | Killed Robin
  2336 | D:3      | Found a burning altar of Makhleb.
  2444 | D:3      | Became a worshipper of Makhleb the Destroyer
  2496 | D:3      | Noticed a spectral centipede
  2496 | D:3      | Noticed a spectral black mamba
  2496 | D:3      | Noticed a spectral cane toad
  2570 | D:4      | Noticed Edmund
  2621 | D:5      | Entered Level 5 of the Dungeon
  2660 | D:5      | Reached XP level 5. HP: 38/47 MP: 5/5
  2721 | D:5      | Noticed a centaur
  2748 | D:5      | HP: 1/47 [centaur/arrow (6)]
  2749 | D:5      | Slain by a hound

Illustrated notes

Levels and vault maps discovered:
D:1:      spicycebolla_arrival_risky_transporter, layout_loops_cross
D:2:      layout_loops_ring, shapermc_ecumenical_altar_mp_urbaneastern,
          minmay_tiny_reverse_x
D:3:      layout_loops_cross, pdpol_wu_jian_five_deadly_venoms,
          mainiacjoe_overflow_alcove_1, minmay_liquid_box, uniq_robin
D:4:      layout_basic, minmay_temple_entry_antechambers, serial_undead,
          serial_undead_f, serial_undead_d, serial_undead_a, serial_undead_a,
          uniq_edmund
D:5:      layout_gridville, kennysheep_mini_moat

Skill      XL: |  1  2  3  4 |
---------------+-------------+-----
Axes           | 3 4 |  4.6
Fighting       | 4 |  4.3
Armour         | |  3.9
Dodging        | |  0.5
Shields        | |  3.6
Spellcasting   | |  0.3

Action                     |  1- 3 |  4- 6 || total
---------------------------+-------+-------++-------
  Melee: War axe           |   118 |    77 ||   195
    Use: Scroll            |       |     5 ||     5
 Armour: Scale mail        |    77 |    33 ||   110
  Dodge: Dodged            |    71 |    37 ||   108
  Block: Buckler           |    39 |    24 ||    63

Table legend: (Time is in decaauts)
 A = Elapsed time spent in this place.
 B = Non-inter-level travel time spent in this place.
 C = Inter-level travel time spent in this place.
 D = Time resting spent in this place.
 E = Time spent auto-exploring this place.
 F = Levels seen in this place.
 G = Mean time per level.
                   A        B        C        D        E       F      G
               +--------+--------+--------+--------+--------+-----+--------+
         Total |   2821 |   2633 |    188 |    193 |   1767 |   5 |  564.2 |
       Dungeon |   2821 |   2633 |    188 |    193 |   1767 |   5 |  564.2 |
               +--------+--------+--------+--------+--------+-----+--------+

Top non-repeatable levels by time:
     D:3: 1033 daAuts
     D:2: 811 daAuts
     D:1: 743 daAuts
     D:5: 129 daAuts
     D:4: 102 daAuts
